AoeStats
← Malelf

Arena

509378082Analyzed
1v1 RM · 4d ago on Sep 26, 2026· 14m 55s· 2 players
Game mode
Random Map
Map size
Tiny (2 player)
Population
200
Speed
Normal
Resources
Standard
Victory
Conquest
Starting age
Dark Age
Ending age
Imperial Age
RankedLock teamsTeams togetherTeam positionsShared explorationLock speedFull tech treeHidden civsTurbo modeCheats
Victory
Defeat
🇵🇪 Chinese · Peru
1883
+10
🇮🇹 Teutons · Italy
1752
-10
Malelf
3:57 Loom
8:39 Feudal Age
7:32 Loom
9:22 Double-Bit Axe
9:23 Loom
12:16 Fletching
_The_Oldergold
0:26 Loom
10:36 Feudal Age
15:02 Fletching
Connection lost

Rejoining the realm…

Still unreachable

The connection could not be restored.

Session expired

The server has moved on; the page needs a fresh start.